 Dungeon Sprint DCSS version 0.25-a0-41-g6cf4ce537d (webtiles) character file.

Game seed: 12124737474035059543, levelgen mode: deterministic

4470 GordonOverkill the Severer (level 10, 0/142 HPs)
             Began as a Minotaur Berserker on Oct 21, 2019.
             Was a High Priest of Trog.
             Slain by a deep troll (17 damage)
             ... in the Dungeon (Sprint I: "Red Sonja").
             The game lasted 00:04:27 (1005 turns).

GordonOverkill the Severer (Minotaur Berserker)     Turns: 1005, Time: 00:04:27

Health: 0/142      AC:  2    Str: 28    XL:     10   Next: 15%
Magic:  6/6        EV: 14    Int:  0    God:    Trog [*****.]
Gold:   321        SH:  0    Dex:  6    Spells: 9/9 levels left

rFire    . . .     SeeInvis .   c - +0 war axe
rCold    . . .     Gourm    .   (no shield)
rNeg     + . .     Faith    .   k - +0 leather armour
rPois    .         Spirit   .   (helmet restricted)
rElec    .         Reflect  .   (no cloak)
rCorr    .         Harm     .   (no gloves)
MR       .....     Rnd*Rage +   (no boots) Stlth ..........NoTele +
                                (no amulet)
HPRegen  0.33/turn              l - ring of positive energy
MPRegen  0.10/turn              (no ring)

@: berserking, slowed, lost intelligence
A: retaliatory headbutt, horns 2, berserk 2, blurry vision 2, clumsy 2, deformed
body, dopey 2, frail 1, low mp 3, screaming 1, weak 1, MP-powered wands
a: Berserk, Trog's Hand, Brothers in Arms, Renounce Religion


You were in the Dungeon.
You worshipped Trog.
Trog was extremely pleased with you.
You were hungry.

You visited 1 branch You collected 609 gold pieces.
You spent 288 gold pieces at shops.

Inventory:

Hand Weapons
 c - a +0 war axe (weapon)
Armour
 k - a +0 leather armour (worn)
Jewellery
 l - a ring of positive energy (left hand)
Wands
 j - a wand of flame (28)
Scrolls
 i - a scroll of blinking
Potions
 d - 5 potions of curing
 e - 2 potions of heal wounds
 f - a potion of haste
 g - 2 potions of magic
 h - a potion of berserk rage
Comestibles
 b - 2 rations


   Skills:
 + Level 15.5 Fighting
 - Level 18.5 Axes
 + Level 9.2 Armour
 - Level 10.0 Dodging


You had 9 spell levels left.
You didn't know any spells.
Your spell library was empty.

Dungeon Overview and Level Annotations

Branches:
Dungeon (1/1)

Altars:
Cheibriados
Dithmenos
Elyvilon
Fedhas
Gozag
Hepliaklqana
Kikubaaqudgha
Nemelex Xobeh
Okawaru
Qazlal
Ru
Sif Muna
Trog
Uskayaw
Vehumet
Wu Jian
Yredelemnul
Zin
The Shining One

Shops:
D [*


Innate Abilities, Weirdness & Mutations

You reflexively headbutt those who attack you in melee.
You have a pair of horns on your head.
You often lose your temper in combat.
Scrolls take you longer to read.
You are very clumsy. (Dex -4)
Armour fits poorly on your strangely shaped body.
You are very dopey. (Int -4)
You are frail. (-10% HP)
Your magical capacity is extremely low. (-30% MP)
You occasionally shout uncontrollably at your foes.
You are weak. (Str -2)
You expend magic power (3 MP) to strengthen your wands.


Message History

Found 108 gold pieces.
The deep troll bites you! The deep troll claws you! The deep troll claws you.
There is an open door, spattered with blood here.
A red film seems to cover your vision as you go berserk!
You feel yourself moving faster!
You feel mighty!
You are feeling hungry.
The deep troll closely misses you. The deep troll claws you!
The deep troll barely misses you.
You slice the deep troll!!
The deep troll is moderately wounded.
The deep troll bites you!! The deep troll barely misses you.
The deep troll claws you!
You hit the deep troll. You headbutt the deep troll!
The deep troll is heavily wounded.
The deep troll bites you!!
* * * LOW HITPOINT WARNING * * *
The deep troll claws you!
* * * LOW HITPOINT WARNING * * *
The deep troll claws you!
You die...

#..#####'#####'#
#..####..#...#[#
#..#__####..##.#
#..#_____##'#_.+
#⌠⌠#_.∩...'.)._#
####_..__##_.#+#
#_____###'#
############.####+###
#∩........'...@T$.$$+
###''''####...#######
#.......####.###
#........#.#'#.#
#..#.....#.....#
#........#..)..#
#.....#..#######
#........# #..#.....#


You could see a deep troll.

Vanquished Creatures
  Sonja (D)
  8 shining eyes (D)
  Sigmund (D)
  A yak (D)
  4 floating eyes (D)
  An ogre (D)
  A jelly (D)
  Ijyb (D)
18 creatures vanquished.

Vanquished Creatures (others)
  2 ballistomycete spores (D)
2 creatures vanquished.

Grand Total: 20 creatures vanquished

Notes
Turn   | Place    | Note
-------+----------+-------------------------------------------
     0 | D        | GordonOverkill the Minotaur Berserker began the quest for
                  | the Orb.
     0 | D        | Reached XP level 1. HP: 19/19 MP: 0/0
     1 | D        | Noticed Ijyb
     6 | D        | Killed Ijyb
     6 | D        | Reached skill level 5 in Fighting
     6 | D        | Reached skill level 5 in Axes
     6 | D        | Reached XP level 2. HP: 9/29 MP: 1/1
   261 | D        | Noticed an ogre
   264 | D        | Killed an ogre
   264 | D        | Reached skill level 7 in Axes
   264 | D        | Reached XP level 3. HP: 21/36 MP: 2/2
   264 | D        | Reached XP level 4. HP: 24/42 MP: 3/3
   440 | D        | Noticed Sigmund
   444 | D        | Killed Sigmund
   444 | D        | Reached ** piety under Trog
   444 | D        | Reached skill level 12 in Axes
   444 | D        | Reached XP level 5. HP: 48/48 MP: 4/4
   513 | D        | Found a shimmering blue altar of Sif Muna.
   514 | D        | Found an ornate altar of the Wu Jian Council.
   515 | D        | Found a radiant altar of Vehumet.
   517 | D        | Reached XP level 6. HP: 56/56 MP: 5/5
   586 | D        | Found Fuonehiusk's Assorted Antiques.
   586 | D        | Found an ancient bone altar of Kikubaaqudgha.
   586 | D        | Found a hazy altar of Hepliaklqana.
   586 | D        | Found a stormy altar of Qazlal.
   586 | D        | Found a hide-covered altar of Uskayaw.
   586 | D        | Found a blossoming altar of Fedhas.
   586 | D        | Found a bloodstained altar of Trog.
   586 | D        | Found an iron altar of Okawaru.
   586 | D        | Found a basalt altar of Yredelemnul.
   586 | D        | Found a glowing golden altar of the Shining One.
   586 | D        | Found a snail-covered altar of Cheibriados.
   586 | D        | Found a sacrificial altar of Ru.
   586 | D        | Found a glowing silver altar of Zin.
   586 | D        | Found a shadowy altar of Dithmenos.
   586 | D        | Found a white marble altar of Elyvilon.
   586 | D        | Noticed a yak
   590 | D        | Killed a yak
   590 | D        | Reached skill level 14 in Axes
   591 | D        | Found an opulent altar of Gozag.
   592 | D        | Found a sparkling altar of Nemelex Xobeh.
   674 | D        | Bought a tiny malachite amulet for 90 gold pieces
   674 | D        | Bought a notched cabochon ring for 90 gold pieces
   674 | D        | Bought a potion of heal wounds for 90 gold pieces
   674 | D        | Bought a scroll labeled SECOC VURIQYIDD for 18 gold pieces
   683 | D        | Noticed Sonja
   690 | D        | Killed Sonja
   690 | D        | Reached *** piety under Trog
   690 | D        | Reached skill level 17 in Axes
   690 | D        | Reached XP level 7. HP: 61/61 MP: 6/6
   869 | D        | Found Vitahis's Armour Boutique.
   878 | D        | Noticed a shining eye
   878 | D        | Noticed a shining eye
   878 | D        | Noticed a shining eye
   878 | D        | Gained mutation: You are clumsy. (Dex -2) [a shining eye]
   881 | D        | Paralysed by a floating eye for 2 turns
   885 | D        | Reached XP level 8. HP: 69/69 MP: 7/7
   888 | D        | Reached skill level 5 in Armour
   889 | D        | Killed a shining eye
   889 | D        | Reached **** piety under Trog
   889 | D        | Reached skill level 18 in Axes
   891 | D        | Killed a shining eye
   892 | D        | Noticed a shining eye
   892 | D        | Noticed a shining eye
   892 | D        | Noticed a shining eye
   892 | D        | Gained mutation: You occasionally shout uncontrollably at
                  | your foes. [a shining eye]
   896 | D        | Gained mutation: You are dopey. (Int -2) [a shining eye]
   897 | D        | Killed a shining eye
   897 | D        | Reached XP level 9. HP: 83/83 MP: 8/8
   898 | D        | Paralysed by a floating eye for 4 turns
   898 | D        | Gained mutation: Armour fits poorly on your strangely
                  | shaped body. [a shining eye]
   899 | D        | Gained mutation: Your spells are a little harder to cast,
                  | but a little more powerful. [a shining eye]
   901 | D        | Gained mutation: Your magical capacity is low. (-10% MP) [a
                  | shining eye]
   903 | D        | Killed a shining eye
   903 | D        | Lost intelligence.
   903 | D        | Gained mutation: You are very dopey. (Int -4) [a shining
                  | eye]
   904 | D        | Gained mutation: You tend to lose your temper in combat. [a
                  | shining eye]
   907 | D        | Reached ***** piety under Trog
   908 | D        | Gained mutation: Scrolls take you a little longer to read.
                  | [a shining eye]
   909 | D        | Gained mutation: You often lose your temper in combat. [a
                  | shining eye]
   911 | D        | Gained mutation: You expend magic power (3 MP) to
                  | strengthen your wands. [a shining eye]
   912 | D        | Killed a shining eye
   919 | D        | Gained mutation: Your magical capacity is very low. (-20%
                  | MP) [a shining eye]
   923 | D        | Killed a shining eye
   924 | D        | Noticed a shining eye
   924 | D        | Noticed a shining eye
   926 | D        | Paralysed by a floating eye for 4 turns
   927 | D        | Gained mutation: You are very clumsy. (Dex -4) [a shining
                  | eye]
   934 | D        | Lost mutation: Your spells are a little harder to cast, but
                  | a little more powerful. [a shining eye]
   935 | D        | Gained mutation: Your magical capacity is extremely low.
                  | (-30% MP) [a shining eye]
   940 | D        | Gained mutation: You are frail. (-10% HP) [a shining eye]
   940 | D        | Gained mutation: Scrolls take you longer to read. [a
                  | shining eye]
   942 | D        | Gained mutation: You are weak. (Str -2) [a shining eye]
   943 | D        | Killed a shining eye
   943 | D        | Reached skill level 15 in Fighting
   943 | D        | Reached XP level 10. HP: 94/94 MP: 6/6
   945 | D        | Killed a shining eye
   945 | D        | Reached skill level 10 in Dodging
  1001 | D        | Noticed a deep troll
  1005 | D        | Slain by a deep troll

Levels and vault maps discovered:
D:        dungeon_sprint_1 [red_sonja_temple_1, red_sonja_temple_small_1]

Skill      XL: |  1  2  3  4  5  6  7  8  9 10 |
---------------+-------------------------------+-----
Fighting       | 5 9 15 | 15.5
Axes           | 5 7 12 17 18 | 18.5
Armour         | 4 8 9 |  9.2
Dodging        | 3 6 9 10 | 10.0

Action                   |  1- 3 |  4- 6 |  7- 9 | 10-12 || total
-------------------------+-------+-------+-------+-------++-------
Melee: Hand axe          |     5 |    10 |    47 |     2 ||    64
       Headbutt          |     2 |     4 |    22 |     2 ||    30
       War axe           |       |       |       |     2 ||     2
Invok: Berserk           |     2 |     4 |     1 |     1 ||     8
  Use: Scroll            |       |     1 |       |       ||     1
  Eat: Chunk             |       |     3 |       |       ||     3
       Ration            |       |       |     1 |       ||     1
Dodge: Dodged            |     1 |     9 |       |     3 ||    13

Table legend:
 A = Non-vault XP
 B = Vault XP
 C = Vault XP percentage of total XP
 D = Non-vault monster count
 E = Vault monster count
 F = Vault count percentage of total count
                 A         B        C        D         E       F
            +---------+---------+-------+---------+---------+-------
      Total |       0 |    6386 | 100.0 |       0 |      18 | 100.0
            +---------+---------+-------+---------+---------+-------
          D |       0 |    6386 | 100.0 |       0 |      18 | 100.0
            +---------+---------+-------+---------+---------+-------
